 Dungeon Crawl Stone Soup version 0.17.1-3-g152610e (webtiles) character file.

118 Gargoyl the Skirmisher (level 4, -1/36 HPs)
             Began as a Demonspawn Abyssal Knight on Mar 27, 2016.
             Was a Follower of Lugonu.
             Slain by Sigmund
             ... wielding a +0 scythe
              (7 damage)
             ... on level 3 of the Dungeon.
             The game lasted 00:06:41 (4479 turns).

Gargoyl the Skirmisher (Demonspawn Abyssal Knight)  Turns: 4479, Time: 00:06:41

Health: -1/36      AC: 11    Str: 14    XL:     4   Next: 72%
Magic:  5/5        EV:  7    Int: 13    God:    Lugonu [*.....]
Gold:   113        SH:  0    Dex: 12    Spells: 0 memorised, 3 levels left

rFire  . . .     SeeInvis .     a - +1 hand axe
rCold  . . .     Clarity  .     o - +0 chain mail
rNeg   . . .     SustAt   .     (no shield)
rPois  .         Gourm    .     (no helmet)
rElec  .         Spirit   .     j - +0 cloak
rCorr  .         Warding  .     (no gloves)
rMut   .         Stasis   .     (no boots)
MR     .....                    (no amulet)
Stlth  ..........               (no ring)
                                (no ring)

@: lethally poisoned (-1 -> -12), flying, very slightly contaminated, invisible,
not resistant to hostile enchantments, extremely unstealthy
A: molten scales 1
a: Depart the Abyss, Renounce Religion


You were on level 3 of the Dungeon.
You worshipped Lugonu.
Lugonu was aware of your devotion.
You were hungry.

You visited 1 branch of the dungeon, and saw 3 of its levels.
You visited the Abyss 1 time.

You collected 113 gold pieces.

Inventory:

Hand Weapons
 a - a +1 hand axe (weapon)
Missiles
 e - 3 javelins (quivered)
 q - 5 tomahawks
Armour
 j - a +0 cloak (worn)
 o - a +0 chain mail (worn)
Jewellery
 u - an uncursed ring of protection from fire {unknown}
Wands
 r - a wand of digging (7)
Scrolls
 b - 3 scrolls of identify
 f - 4 scrolls of remove curse {unknown}
 g - 2 scrolls of amnesia {unknown}
 i - a scroll of blinking {unknown}
 k - a scroll of enchant armour {unknown}
Potions
 m - a potion of haste {unknown}
 s - a potion of degeneration {unknown}
 t - a potion of mutation {unknown}
Comestibles
 c - 2 bread rations
 n - a meat ration
 p - a beef jerky


   Skills:
 + Level 3.6 Fighting
 + Level 2.3 Axes
 * Level 2.6 Armour
 + Level 2.4 Dodging
 + Level 0.6 Stealth
 + Level 2.6 Invocations


You had 3 spell levels left.
You didn't know any spells.

Dungeon Overview and Level Annotations

Branches:
Dungeon (3/15)

Altars:
Dithmenos
The Shining One

Annotations:
D:3 Sigmund


Innate Abilities, Weirdness & Mutations

You are partially covered in molten scales (AC +1).


Message History

You are lethally poisoned!
* * * LOW HITPOINT WARNING * * *
You feel sick.
Unknown command.
Drink which item? (? for menu, Esc to quit)
It was a potion of invisibility.
You fade into invisibility!
* * * LOW HITPOINT WARNING * * *
You feel sick.
You hear some strange, mumbled words.
A puff of flame appears from out of thin air!
The puff of flame hits you!
You are very lightly contaminated with residual magic.
Drink which item? (? for menu, Esc to quit)
It was a potion of flight.
You feel very buoyant.
You fly up into the air.
* * * LOW HITPOINT WARNING * * *
You feel sick. Something hits you!
You die...

##.... ##.....
### #...... #..
+...... #.# ..
#...... #.#..#
##..... #.#..#
##.... #{#..#
##... #@##.#
##'# #.##.# #.#
#.##.# #.#
#...(# ##.#
####.# ##..)
#.# #.... #.#
########...
#.###..........
#....#.######.#


There were no monsters in sight!

Vanquished Creatures
  A worker ant (D:1)
  3 adders (D:2)
  An ooze (D:1)
  2 worms
  2 giant geckos
  A giant cockroach (D:3)
  4 goblins
  3 hobgoblins (D:1)
  5 kobolds
  4 bats
  A giant newt (D:1)
  19 jackals
  8 rats
54 creatures vanquished.

Vanquished Creatures (others)
  A rat (D:1)
  2 starspawn tentacles (Abyss:1)
  2 starspawn tentacle segments (Abyss:1)
5 creatures vanquished.

Grand Total: 59 creatures vanquished

Notes
Turn   | Place    | Note
--------------------------------------------------------------
     0 | Abyss:1  | Gargoyl the Demonspawn Abyssal Knight began the quest for the Orb.
     0 | Abyss:1  | Reached XP level 1. HP: 18/18 MP: 2/2
   120 | Abyss:1  | Noticed a large abomination
   144 | Abyss:1  | Noticed a small abomination
   152 | Abyss:1  | Noticed a tentacled starspawn
   164 | Abyss:1  | Noticed a neqoxec
   167 | Abyss:1  | Noticed a deep elf priest
   172 | D:1      | Escaped the Abyss
   572 | D:1      | Reached skill level 1 in Dodging
   758 | D:1      | Gained mutation: You are partially covered in molten scales (AC +1). [demonic ancestry]
   758 | D:1      | Reached XP level 2. HP: 9/24 MP: 3/3
  1196 | D:1      | Reached * piety under Lugonu
  1979 | D:1      | Reached XP level 3. HP: 3/29 MP: 4/4
  2855 | D:2      | Reached XP level 4. HP: 36/36 MP: 5/5
  3639 | D:2      | Found a glowing golden altar of the Shining One.
  3977 | D:3      | Reached ** piety under Lugonu
  4296 | D:3      | Found a shadowy altar of Dithmenos.
  4460 | D:3      | Noticed Sigmund
  4479 | D:3      | Slain by Sigmund

Action                   |  1- 3 |  4- 6 || total
-------------------------+-------+-------++-------
Melee: Hand axe          |   115 |   131 ||   246
Invok: Depart the Abyss  |     1 |       ||     1
  Use: Scroll            |     1 |       ||     1
       Potion            |     1 |     3 ||     4
  Eat: Chunk             |     6 |     3 ||     9
       Fruit             |       |     2 ||     2
